 Dungeon Crawl Stone Soup version 0.17-b1-15-g0f5fb43 (console) character file.

8389 Snowclone the Cleaver (level 11, -5/77 HPs)
             Began as a Human Wanderer on Nov 2, 2015.
             Was a Believer of Ashenzari.
             Slain by Urug
             ... wielding a +0 battleaxe
              (25 damage)
             ... on level 10 of the Dungeon on Nov 3, 2015.
             The game lasted 01:07:25 (12673 turns).

Snowclone the Cleaver (Human Wanderer)             Turns: 12673, Time: 01:07:26

Health: -5/77      AC: 20    Str: 14    XL:     11   Next: 54%
Magic:  11/11      EV:  9    Int: 13    God:    Ashenzari [**....]
Gold:   484        SH:  0    Dex: 14    Spells: 0 memorised, 10 levels left

rFire  . . .     SeeInvis +     a - +0 war axe
rCold  . . .     Clarity  .     M - +0 plate armour (curse)
rNeg   . . .     SustAt   .     (no shield)
rPois  .         Gourm    .     k - +0 helmet
rElec  .         Spirit   .     F - +0 cloak
rCorr  .         Warding  .     (no gloves)
rMut   .         Stasis   .     p - +1 pair of boots
MR     .....                    (no amulet)
Stlth  ..........               x - +4 ring of evasion
                                U - ring of see invisible

@: not resistant to hostile enchantments, extremely unstealthy
A: no striking features
a: Scrying, Renounce Religion


You were on level 10 of the Dungeon.
You worshipped Ashenzari.
Ashenzari was pleased with you.
You were not hungry.

You visited 3 branches of the dungeon, and saw 12 of its levels.
You also visited: Sewer and Bailey.

You collected 484 gold pieces.

Inventory:

Hand Weapons
 a - a +0 war axe (weapon)
 b - a +5 blowgun
 d - a +0 blowgun
 H - a -2 broad axe
 I - a +0 halberd of venom
 J - a +3 hand axe
Missiles
 A - 18 poisoned needles
 P - 25 tomahawks of returning
 R - 4 javelins
 Z - 2 throwing nets (quivered)
Armour
 k - a +0 helmet (worn)
 p - a +1 pair of boots (worn)
 s - a +0 plate armour
 B - a +0 leather armour
 F - a +0 cloak (worn)
 G - a +0 scale mail
 M - a cursed +0 plate armour (worn)
Jewellery
 h - an uncursed ring of protection from fire
 j - an uncursed ring of protection from fire
 q - a +4 ring of protection
 t - an uncursed ring of protection from magic
 x - a +4 ring of evasion (right hand)
 z - an uncursed amulet of regeneration
 E - a +3 ring of strength
 U - a ring of see invisible (left hand)
 W - a cursed ring of teleportation
Wands
 V - a wand of fire (6)
 Y - a wand of polymorph (2)
Scrolls
 c - 2 scrolls of teleportation
 e - 4 scrolls of identify
 v - 2 scrolls of fog
 y - 5 scrolls of remove curse
 K - a scroll of amnesia
 L - a scroll of enchant armour
 N - a scroll of fear
 T - 2 scrolls of enchant weapon
 X - a scroll of recharging
Potions
 g - a potion of haste
 i - a potion of poison {unknown}
 l - 4 potions of heal wounds
 n - 2 potions of flight
 r - 5 potions of curing
 u - 2 potions of brilliance {unknown}
 w - 2 potions of lignification
 D - a potion of might {unknown}
 O - a potion of degeneration {unknown}
 Q - a potion of cure mutation {unknown}
 S - a potion of invisibility
Comestibles
 f - 7 bread rations
 m - 4 beef jerkies
 o - 6 meat rations
 C - 11 fruits


   Skills:
 + Level 4.2 Fighting
 + Level 12.5 Axes
 - Level 5.0 Throwing
 - Level 10.6 Armour
 - Level 1.8 Dodging
 - Level 2.0 Stealth


You had 10 spell levels left.
You didn't know any spells.

Dungeon Overview and Level Annotations

Branches:
Dungeon (10/15)            Temple (1/1) D:5            Lair (1/8) D:8
    Orc (0/4) D:10

Altars:
Ashenzari
Cheibriados
Dithmenos
Elyvilon
Fedhas
Gozag
Kikubaaqudgha
Makhleb
Nemelex Xobeh
Okawaru
Qazlal
Ru
Sif Muna
Trog
Vehumet
Xom
Yredelemnul
Zin
The Shining One

Shops:
D:7 %

Annotations:
D:10 exclusion: door, Urug


Message History

Urug hits you but does no damage.
You miss Urug.
Urug is moderately wounded.
Urug hits you with a battleaxe!
You barely miss Urug.
Urug is moderately wounded.
You hit Urug.
Urug is moderately wounded.
Urug hits you with a battleaxe.
* * * LOW HITPOINT WARNING * * *
You hit Urug but do no damage.
Urug is heavily wounded.
Urug hits you with a battleaxe.
* * * LOW HITPOINT WARNING * * *
You hit Urug but do no damage.
Urug is heavily wounded.
You hit Urug.
Urug is heavily wounded.
Urug hits you with a battleaxe!!
You die...

...........#........ , ,#####
#####......#..(.(....# #....
....#......#.........# , ,,#....
....#......#...(.....#, , #....
....#......#...(.....########....
....#......'....(............<...
....#......#...................$.
....########....o................
................@.....(..........
.................))............(.
.................................
...^.............................
.................................
.................................
............###+###'#########....
............#...............#....
....#########...............#


You could see Urug (invisible).

Vanquished Creatures
  Pikel (D:7)
  An orc knight (Bailey)
  Maurice (D:8)
  Joseph (D:10)
  A komodo dragon (D:8)
  A kobold demonologist (D:10)
  3 trolls
  A wyvern (D:10)
  2 hippogriffs
  2 water moccasins
  3 ice beasts (D:8)
  2 sky beasts
  A porcupine (Lair:1)
  6 orc warriors
  3 phantoms
  A slave (D:7)
  7 ogres
  4 giant frogs
  7 big kobolds
  3 centaurs
  2 gnoll sergeants
  A scorpion (D:10)
  5 killer bees
  6 crimson imps
  6 hounds
  6 orc priests
  3 orc wizards
  A giant frog skeleton (D:5)
  3 centaur skeletons
  2 jellies
  An iguana (D:4)
  9 worker ants
  A killer bee zombie (D:5)
  A hound zombie (D:5)
  A hound skeleton (D:6)
  14 adders
  13 gnolls
  2 shadow imps
  2 oozes
  2 adder skeletons (D:6)
  2 adder zombies
  4 worms
  11 giant geckos
  24 orcs
  10 giant cockroaches
  7 hobgoblins
  4 ball pythons
  9 bats
  2 giant gecko skeletons
  4 giant newts
  3 goblins
  17 jackals
  35 kobolds
  2 quokkas
  9 rats
  A plant (D:8)
276 creatures vanquished.

Vanquished Creatures (others)
  A giant frog (D:6)
  A giant frog zombie (D:6)
  An adder (D:6)
  A giant newt (D:6)
  8 plants (D:8)
12 creatures vanquished.

Grand Total: 288 creatures vanquished

Notes
Turn   | Place    | Note
--------------------------------------------------------------
     0 | D:1      | Snowclone the Human Wanderer began the quest for the Orb.
     0 | D:1      | Snowclone set off with: a +2 hand axe, a potion of lignification, a scroll of teleportation, a +0 robe, a +0 dagger, a bread ration
     0 | D:1      | Reached XP level 1. HP: 19/19 MP: 1/1
   359 | D:1      | Reached XP level 2. HP: 25/25 MP: 2/2
   592 | D:1      | Reached skill level 1 in Dodging
   682 | D:1      | Reached XP level 3. HP: 30/30 MP: 3/3
  1524 | D:2      | Reached XP level 4. HP: 22/37 MP: 4/4
  1706 | D:3      | Reached skill level 5 in Axes
  1857 | D:3      | Found a shattered altar of Ashenzari.
  2023 | D:3      | Reached skill level 1 in Armour
  2144 | D:3      | Reached XP level 5. HP: 32/42 MP: 5/5
  2501 | D:4      | Found a sparkling altar of Nemelex Xobeh.
  2525 | D:4      | Reached skill level 1 in Throwing
  2525 | D:4      | Reached XP level 6. HP: 24/48 MP: 6/6
  2776 | D:4      | Noticed an ogre
  2789 | D:4      | Killed an ogre
  2986 | D:4      | Noticed a phantom
  3029 | D:4      | Killed a phantom
  3029 | D:4      | Reached skill level 6 in Axes
  3029 | D:4      | Reached XP level 7. HP: 27/54 MP: 7/7
  3042 | D:4      | Noticed an ogre
  3059 | D:4      | Killed an ogre
  3318 | D:5      | Entered Level 5 of the Dungeon
  3418 | D:5      | Found a staircase to the Ecumenical Temple.
  3502 | Temple   | Entered the Ecumenical Temple
  3558 | Temple   | Became a worshipper of Ashenzari the Shackled
  3663 | D:5      | Reached skill level 7 in Axes
  3663 | D:5      | Reached XP level 8. HP: 55/60 MP: 8/8
  3777 | D:5      | Reached skill level 5 in Armour
  3810 | D:5      | Found a glowing drain.
  3829 | Sewer    | Entered a sewer
  4197 | Sewer    | Reached skill level 8 in Axes
  4358 | D:5      | Reached XP level 9. HP: 65/65 MP: 9/9
  5039 | D:5      | Found a burning altar of Makhleb.
  5224 | D:5      | Reached skill level 9 in Axes
  5788 | D:6      | Reached * piety under Ashenzari
  6406 | D:6      | Found a shimmering altar of Xom.
  6845 | D:7      | Reached skill level 10 in Axes
  6845 | D:7      | Reached XP level 10. HP: 54/71 MP: 10/10
  6990 | D:7      | Found a flagged portal.
  7005 | Bailey   | Entered a bailey
  7124 | Bailey   | Noticed an orc knight
  7240 | Bailey   | Killed an orc knight
  7297 | Bailey   | Found a burning altar of Makhleb.
  7453 | D:7      | Noticed Pikel
  7796 | D:7      | Found Noreock's Food Emporium.
  8412 | D:7      | Killed Pikel
  8412 | D:7      | Reached skill level 11 in Axes
  8674 | D:8      | Found a staircase to the Lair.
  8801 | D:8      | Noticed Maurice
  8898 | D:8      | Reached skill level 10 in Armour
  9212 | Lair:1   | Entered Level 1 of the Lair of Beasts
 10209 | D:8      | Killed Maurice
 10209 | D:8      | Reached XP level 11. HP: 77/77 MP: 11/11
 11371 | D:9      | Reached skill level 12 in Axes
 12019 | D:10     | Entered Level 10 of the Dungeon
 12089 | D:10     | Reached ** piety under Ashenzari
 12260 | D:10     | Noticed Urug
 12553 | D:10     | Noticed Joseph
 12579 | D:10     | Killed Joseph
 12579 | D:10     | Reached skill level 5 in Throwing
 12673 | D:10     | Slain by Urug

Action                   |  1- 3 |  4- 6 |  7- 9 | 10-12 || total
-------------------------+-------+-------+-------+-------++-------
Melee: Hand axe          |   105 |   144 |   249 |       ||   498
       War axe           |       |       |   162 |   469 ||   631
       Broad axe         |       |       |       |    27 ||    27
 Fire: Blowgun           |       |    11 |    71 |   186 ||   268
Throw: Throwing net      |       |       |       |     3 ||     3
       Tomahawk          |       |       |       |     2 ||     2
  Use: Scroll            |       |     8 |     5 |     6 ||    19
       Potion            |       |       |     2 |     4 ||     6
 Stab: Sleeping          |     9 |     2 |     2 |       ||    13
  Eat: Chunk             |     2 |     5 |    11 |    17 ||    35
       Fruit             |       |       |     1 |     1 ||     2
       Pizza             |       |       |       |     1 ||     1
